 Dungeon Crawl Stone Soup version 0.20.1-1-g8b1a95d (webtiles) character file.

508 Norian the Conjurer (level 6, -1/32 HPs)
             Began as a Deep Elf Conjurer on Oct 6, 2017.
             Killed by nerve-wracking pain
             ... invoked by Menkaure
              (11 damage)
             ... on level 4 of the Dungeon.
             The game lasted 00:14:15 (3137 turns).

Norian the Conjurer (Deep Elf Conjurer)             Turns: 3137, Time: 00:14:16

Health: -1/32      AC:  4    Str:  6    XL:     6   Next: 98%
Magic:  5/18       EV: 13    Int: 21    God:
Gold:   106        SH:  0    Dex: 15    Spells: 8/19 levels left

rFire    . . .     SeeInvis .   y - +2 quarterstaff (chaos)
rCold    . . .     Gourm    .   (shield currently unavailable)
rNeg     . . .     Faith    .   a - +0 robe
rPois    .         Spirit   .   (no helmet)
rElec    .         Reflect  .   A - +0 cloak
rCorr    .         Harm     .   m - +0 pair of gloves
MR       .....                  (no boots)
Stlth    ++........             (no amulet)
Regen    0.1/turn               (no ring)
MPRegen  0.2/turn               (no ring)

@: no status effects
A: no striking features
a: no special abilities


You were on level 4 of the Dungeon.
You were hungry.

You visited 1 branch of the dungeon, and saw 4 of its levels.

You collected 106 gold pieces.

Inventory:

Hand Weapons
 y - a +2 quarterstaff of chaos (weapon)
Armour
 a - a +0 robe (worn)
 m - a +0 pair of gloves (worn)
 A - a +0 cloak (worn)
Jewellery
 i - an uncursed ring of resist corrosion {unknown}
 l - an uncursed amulet of faith {unknown}
 t - a +3 ring of strength {unknown}
Scrolls
 e - 2 scrolls of teleportation {unknown}
 j - 2 scrolls of amnesia {unknown}
 k - 2 scrolls of identify
 o - 2 scrolls of remove curse {unknown}
 p - a scroll of random uselessness {unknown}
 r - a scroll of immolation {unknown}
 v - a scroll of noise {unknown}
Potions
 d - 2 potions of agility {unknown}
 n - a potion of flight {unknown}
 q - a potion of ambrosia {unknown}
 s - 2 potions of haste {unknown}
 u - a potion of curing {unknown}
 w - a potion of brilliance {unknown}
 z - 2 potions of lignification {unknown}
Books
 b - a book of Conjurations

   Spells                             Type                      Level
   a - Magic Dart                     Conjuration                  1
   b - Searing Ray                    Conjuration                  2
   c - Dazzling Spray                 Conjuration/Hexes            3
   d - Fulminant Prism                Conjuration/Hexes            4
   e - Force Lance                    Conjuration/Translocation    4
   f - Iskenderun's Mystic Blast      Conjuration                  4
Comestibles
 c - 2 bread rations
 f - 4 royal jellies
 g - 3 meat rations
 h - 3 fruits


   Skills:
 - Level 2.5 Dodging
 - Level 2.5 Stealth
 + Level 7.2 Spellcasting
 + Level 7.2 Conjurations


You had 8 spell levels left.
You knew the following spells:

 Your Spells              Type           Power        Failure   Level  Hunger
a - Magic Dart            Conj           ####         1%          1    None
b - Searing Ray           Conj           #####.       1%          2    None
c - Iskenderun's Mystic   Conj           #####...     4%          4    ###....
d - Fulminant Prism       Conj/Hex       ###.......   19%         4    ###....


Dungeon Overview and Level Annotations

Branches:
Dungeon (4/15)
 Temple: D:4-7

Altars:

Annotations:
D:4 Menkaure


Message History

You hear an explosion!
Casting: Fulminant Prism
Confirm with . or Enter, or press ? or * to list all spells.
Aiming: Fulminant Prism
Press: ? - help, Dir - move target cursor You conjure a prism of explosive energy!
Your fulminant prism crackles loudly.
Casting: Fulminant Prism
Confirm with . or Enter, or press ? or * to list all spells.
Aiming: Fulminant Prism
Press: ? - help, Dir - move target cursor You conjure a prism of explosive energy!
Your fulminant prism explodes!
The blast of energy engulfs Menkaure.
Menkaure is almost destroyed.
Menkaure hits your fulminant prism!
Your fulminant prism detonates feebly.
Menkaure casts a spell at you. Pain shoots through your body!
You die...

.... ..........#. ....
#..$........ ###....
...........# #......
#..........# #......
#..........# #......
#..........# #))....
........>..####..###<..>..
.........@.$.....##.).....
######†##.#####..#....)..
###.##..# #....).....
#....##M# #.#........
#<...##.# # #.#......
#....##..# ...#......
########......#...####
###M###.### #......


You could see Menkaure.

Vanquished Creatures
  Sigmund (D:3)
  Blork the orc (D:4)
  Crazy Yiuf (D:3)
  Natasha (thrice) (D:3)
  A worker ant (D:4)
  A hound skeleton (D:4)
  7 adders
  A dart slug (D:1)
  3 leopard geckos
  5 orcs (D:4)
  9 bats
  2 giant cockroaches
  11 goblins
  8 hobgoblins
  6 kobolds
  2 quokkas (D:3)
  5 frilled lizards
  9 rats
76 creatures vanquished.

Vanquished Creatures (others)
  5 fulminant prisms (D:4)
5 creatures vanquished.

Grand Total: 81 creatures vanquished

Notes
Turn   | Place    | Note
-------+----------+-------------------------------------------
     0 | D:1      | Norian the Deep Elf Conjurer began the quest for the Orb.
     0 | D:1      | Reached XP level 1. HP: 10/10 MP: 6/6
   488 | D:1      | Reached XP level 2. HP: 15/15 MP: 4/8
   696 | D:2      | Learned a level 2 spell: Searing Ray
  1047 | D:2      | Reached skill level 5 in Conjurations
  1154 | D:2      | Reached XP level 3. HP: 19/19 MP: 7/10
  1662 | D:3      | Reached XP level 4. HP: 24/24 MP: 8/12
  1809 | D:3      | Noticed Sigmund
  1929 | D:3      | Learned a level 4 spell: Iskenderun's Mystic Blast
  2017 | D:3      | Found a faded altar of an unknown god.
  2321 | D:3      | Reached skill level 5 in Spellcasting
  2521 | D:3      | Noticed Natasha
  2521 | D:3      | Killed Sigmund
  2521 | D:3      | Reached XP level 5. HP: 28/28 MP: 1/15
  2521 | D:3      | Reached XP level 6. HP: 32/32 MP: 1/17
  2542 | D:3      | Killed Natasha
  2594 | D:3      | Learned a level 4 spell: Fulminant Prism
  2637 | D:3      | Found a runed door.
  2681 | D:3      | Noticed Crazy Yiuf
  2684 | D:3      | Killed Crazy Yiuf
  2773 | D:3      | Noticed Natasha
  2777 | D:3      | Killed Natasha
  2806 | D:3      | Noticed Natasha
  2809 | D:3      | Killed Natasha
  2898 | D:4      | Noticed Menkaure
  2981 | D:4      | Noticed Blork the orc
  2987 | D:4      | Killed Blork the orc
  3137 | D:4      | Killed from afar by Menkaure

Skill      XL: |  1  2  3  4  5  6 |
---------------+-------------------+-----
Conjurations   | 5 6 7 |  7.2
Spellcasting   | 4 6 7 |  7.2
Dodging        | |  2.5
Stealth        | |  2.5

Action                   |  1- 3 |  4- 6 || total
-------------------------+-------+-------++-------
Melee: Unarmed           |       |     6 ||     6
 Cast: Magic Dart        |    74 |    81 ||   155
       Searing Ray       |     3 |     2 ||     5
       Iskenderun's Myst |       |    14 ||    14
       Fulminant Prism   |       |     5 ||     5
  Use: Scroll            |       |     1 ||     1
  Eat: Chunk             |     1 |     7 ||     8
Armor: Robe              |       |    15 ||    15
Dodge: Dodged            |     4 |    50 ||    54
